 Dungeon Crawl Stone Soup version 0.18.1-50-g88ac8fd (webtiles) character file.

1539 GFox the Covert (level 8, 0/37 HPs)
             Began as a Spriggan Assassin on Sept 29, 2016.
             Was an Initiate of Sif Muna.
             Killed from afar by an orc wizard (8 damage)
             ... with a magic dart
             ... on level 8 of the Dungeon.
             The game lasted 00:59:33 (8039 turns).

GFox the Covert (Spriggan Assassin)                 Turns: 8039, Time: 00:59:33

Health: 0/37       AC:  4    Str:  9    XL:     8   Next: 56%
Magic:  20/20      EV: 20    Int: 12    God:    Sif Muna [......]
Gold:   320        SH:  0    Dex: 18    Spells: 3 memorised, 5 levels left

rFire  . . .     SeeInvis +     b - +0 blowgun
rCold  . . .     Gourm    .     c - +0 robe
rNeg   . . .     Faith    .     (shield restricted)
rPois  .         Spirit   .     (helmet restricted)
rElec  .         Dismiss  .     d - +1 cloak
rCorr  .         Reflect  .     (gloves unavailable)
SustAt .         Harm     .     (boots unavailable)
MR     +....                    (no amulet)
Stlth  +++++.....               (no ring)
                                s - ring of magical power

@: very quick, somewhat resistant to hostile enchantments, quite stealthy
A: unfitting armour, see invisible, blink, clumsy 1, herbivore 3, speed 3, frail
1, low mp 1, slow metabolism 2, strong 1, MP-powered wands
a: Blink, Renounce Religion


You were on level 8 of the Dungeon.
You worshipped Sif Muna.
Sif Muna was noncommittal.
You were not hungry.

You visited 2 branches of the dungeon, and saw 8 of its levels.

You collected 320 gold pieces.

Inventory:

Hand Weapons
 a - a +2 dagger
 b - a +0 blowgun (weapon)
Missiles
 e - 10 poisoned needles (quivered)
 f - a curare-tipped needle
Armour
 c - a +0 robe (worn)
 d - a +1 cloak (worn)
Jewellery
 s - a ring of magical power (left hand)
Wands
 q - a wand of digging (17/24)
 r - a wand of polymorph (10/24)
Scrolls
 h - 2 scrolls of remove curse
 j - 4 scrolls of identify
 l - a scroll of recharging
 m - a scroll of fog {unknown}
 n - a scroll of teleportation
 p - a scroll of enchant weapon {unknown}
 t - a scroll of fear {unknown}
 x - a scroll of noise {unknown}
Potions
 i - a potion of flight
 k - a potion of heal wounds
 u - a potion of curing {unknown}
Books
 v - a book of Party Tricks

   Spells                             Type                      Level
   a - Summon Butterflies             Summoning                    1
   b - Apportation                    Translocation                1
   c - Tukima's Dance                 Hexes                        3
   d - Alistair's Intoxication        Transmutation/Poison         5
   e - Invisibility                   Hexes                        6
 w - the Collected Works on Creative Hexes
   (You found it on level 6 of the Dungeon)

   Spells                             Type                      Level
   a - Summon Small Mammal            Summoning                    1
   b - Slow                           Hexes                        2
   c - Summon Guardian Golem          Hexes/Summoning              3
   d - Metabolic Englaciation         Hexes/Ice                    5
   e - Spellforged Servitor           Conjuration/Summoning        7
 y - a book of Misfortune

   Spells                             Type                      Level
   a - Confusing Touch                Hexes                        2
   b - Confuse                        Hexes                        3
   c - Gell's Gravitas                Hexes/Translocation          3
   d - Petrify                        Transmutation/Earth          4
   e - Metabolic Englaciation         Hexes/Ice                    5
   f - Yara's Violent Unravelling     Hexes/Transmutation          5
Miscellaneous
 o - a plain deck of wonders
Comestibles
 g - 4 bread rations


   Skills:
 - Level 4.6 Fighting
 - Level 5.7 Short Blades
 - Level 2.0 Throwing
 - Level 4.5 Dodging
 * Level 10.5 Stealth
 * Level 2.4 Spellcasting
 * Level 2.2 Hexes
 * Level 2.8 Translocations
 * Level 3.0 Evocations


You had 5 spell levels left.
You knew the following spells:

 Your Spells              Type           Power        Failure   Level  Hunger
a - Apportation           Tloc           #.........   12%         1    ##.....
b - Tukima's Dance        Hex            #.......     34%         3    ####...
c - Slow                  Hex            #.......     17%         2    ###....


Dungeon Overview and Level Annotations

Branches:
Dungeon (6/15)             Temple (1/1) D:6

Altars:
Ashenzari
Cheibriados
Elyvilon
Fedhas
Gozag
Makhleb
Nemelex Xobeh
Okawaru
Pakellas
Qazlal
Sif Muna
Trog
Yredelemnul
Zin
The Shining One

Shops:
D:5 *

Annotations:
D:5 GFox's ghost, novice MiFi


Innate Abilities, Weirdness & Mutations

You are tiny and cannot use many weapons and most armour.
You have supernaturally acute eyesight.
You are a herbivore.
You cover ground extremely quickly.
You need consume almost no food.
You can translocate small distances at will.
You are clumsy. (Dex -2)
You are frail (-10% HP).
Your magical capacity is low (-10% MP).
Your muscles are strong. (Str +2)
You expend magic power (3 MP) to strengthen your wands.


Message History

Aim: an orc wizard, wielding a dagger and wearing a robe (lightly wounded, poisoned, slightly transparent)
You shoot a poisoned needle.
The poisoned needle hits the orc wizard.
The orc wizard looks even sicker.
The orc wizard is lightly wounded.
The orc wizard points at you and mumbles some strange words.
The magic dart hits you!
* * * LOW HITPOINT WARNING * * *
You kill the orc wizard!
Your Evocations skill increases to level 3!
There is an open door here.
Firing (i - inventory. (,) - cycle):
e - 11 poisoned needles (quivered)
Press: ? - help, Shift-Dir - straight line, f/p - orc wizard
Aim: an orc wizard, wielding a dagger and wearing a robe (moderately wounded, poisoned, slightly transparent)
You shoot a poisoned needle.
The poisoned needle hits the orc wizard.
The orc wizard is moderately wounded.
The orc wizard casts a spell at you. The magic dart hits you!
You die...

###.#######.########.#
###)# #.# #.# ..(.# #.#
#.# ##### ##'## #.# #
##.).## #.# ##.....##
#.## ### #.##
##.......## #..###.##
...#
#.........####.......##
....
+.........@...........##
...
#.......).####.........#
..# ##.....o.##
##.#.....## ..#
##....o## ####...## ..#
##..(## #..## .#####
##'## #.## ...o.# #(#
#.# .###.# #(#
##########.# .o...#
##o###........#.#


You could see an orc wizard (invisible) and an orc.

Vanquished Creatures
  Eustachio (D:4)
  A sky beast (D:8)
  5 ogres
  A centaur (D:8)
  A scorpion (D:5)
  5 howler monkeys
  An orc priest (D:8)
  2 hounds
  A giant frog skeleton (D:4)
  3 orc wizards
  5 worker ants
  3 hound skeletons
  Robin (D:4)
  7 adders
  A shadow imp (D:6)
  An adder skeleton (D:8)
  2 worms
  3 dart slugs (D:1)
  3 giant geckos
  12 orcs
  5 giant cockroaches
  16 goblins
  7 hobgoblins
  6 jackals
  A quokka (D:5)
  A ball python (D:1)
  5 bats
  A giant gecko skeleton (D:5)
  3 giant newts
  6 kobolds
  7 rats
117 creatures vanquished.

Notes
Turn   | Place    | Note
--------------------------------------------------------------
     0 | D:1      | GFox the Spriggan Assassin began the quest for the Orb.
     0 | D:1      | Reached XP level 1. HP: 10/10 MP: 2/2
    47 | D:1      | Reached skill level 6 in Stealth
    79 | D:1      | Reached XP level 2. HP: 10/14 MP: 3/3
  1000 | D:2      | Reached XP level 3. HP: 18/18 MP: 4/4
  1097 | D:2      | Found a shattered altar of Ashenzari.
  1132 | D:2      | Found a sparkling altar of Nemelex Xobeh.
  1259 | D:2      | Reached skill level 7 in Stealth
  1897 | D:3      | Noticed an ogre
  1901 | D:3      | Killed an ogre
  1901 | D:3      | Reached XP level 4. HP: 23/23 MP: 5/5
  1901 | D:3      | Reached XP level 5. HP: 27/27 MP: 6/6
  3233 | D:4      | Reached skill level 8 in Stealth
  3313 | D:4      | Found an oddly glowing altar of Pakellas.
  3370 | D:4      | Noticed Robin
  3512 | D:4      | Reached XP level 6. HP: 32/32 MP: 7/7
  3659 | D:4      | Found a white marble altar of Elyvilon.
  4486 | D:4      | HP: 1/32 [Robin/mace (8)]
  4517 | D:4      | Killed Robin
  4919 | D:4      | Noticed Eustachio
  4942 | D:4      | Reached skill level 5 in Short Blades
  4942 | D:4      | Reached skill level 9 in Stealth
  4942 | D:4      | Reached XP level 7. HP: 19/37 MP: 8/8
  5349 | D:4      | Killed Eustachio
  5544 | D:5      | Entered Level 5 of the Dungeon
  6197 | D:5      | Noticed GFox's ghost (novice MiFi)
  6548 | D:4      | Gained mutation: You expend magic power (3 MP) to strengthen your wands. [potion of mutation]
  6548 | D:4      | Gained mutation: You can translocate small distances at will. [potion of mutation]
  6548 | D:4      | Gained mutation: Your magical capacity is low (-10% MP). [potion of mutation]
  6639 | D:5      | Reached XP level 8. HP: 37/42 MP: 8/8
  6709 | D:5      | Found Holl's Elemental Accessories.
  6924 | D:5      | Gained mutation: You are frail (-10% HP). [potion of mutation]
  6924 | D:5      | Gained mutation: You are clumsy. (Dex -2) [potion of mutation]
  6924 | D:5      | Gained mutation: Your muscles are strong. (Str +2) [potion of mutation]
  7157 | D:6      | Learned a level 1 spell: Apportation
  7161 | D:6      | Learned a level 3 spell: Tukima's Dance
  7173 | D:6      | Identified the Collected Works on Creative Hexes
  7177 | D:6      | Learned a level 2 spell: Slow
  7189 | D:6      | Found a staircase to the Ecumenical Temple.
  7200 | Temple   | Entered the Ecumenical Temple
  7388 | Temple   | Became a worshipper of Sif Muna the Loreminder
  7486 | D:6      | You fall through a shaft for 2 floors!
  7499 | D:8      | Reached skill level 10 in Stealth
  7499 | D:8      | Reached skill level 1 in Translocations
  7499 | D:8      | Reached skill level 1 in Evocations
  7530 | D:8      | Reached skill level 1 in Spellcasting
  7559 | D:8      | Reached skill level 1 in Hexes
  8039 | D:8      | Killed from afar by an orc wizard

Skill      XL: |  1  2  3  4  5  6  7  8 |
---------------+-------------------------+-----
Stealth        | 6 7 8 9 10 | 10.5
Fighting       | 2 3 4 |  4.6
Short Blades   | 3 4 5 |  5.7
Dodging        | 2 4 |  4.5
Translocations | 2 |  2.8
Evocations     | 3 |  3.0
Spellcasting   | 2 |  2.4
Hexes          | 2 |  2.2
Throwing       | |  2.0

Action                   |  1- 3 |  4- 6 |  7- 9 || total
-------------------------+-------+-------+-------++-------
Melee: Dagger            |    89 |   201 |   188 ||   478
 Fire: Blowgun           |       |    23 |    74 ||    97
 Abil: Blink             |       |       |     1 ||     1
  Use: Scroll            |       |     6 |     1 ||     7
       Potion            |       |     5 |     2 ||     7
 Stab: Sleeping          |    17 |     7 |    10 ||    34
       Distracted        |       |       |     3 ||     3
  Eat: Pizza             |       |     1 |       ||     1
       Bread ration      |       |       |     1 ||     1
Armor: Robe              |    12 |    21 |    39 ||    72
Dodge: Dodged            |    53 |   159 |   195 ||   407
